Map: 데이터-C

Players

Silky - Winner!

  • Race: Zerg Zerg
  • Spawn Location: 9:00

NightMare

  • Race: Protoss Protoss
  • Spawn Location: 3:00

Event: DreamHack SC2 Masters 2022 Atlanta (Offline)

VOD

Have the link to the VOD?

Description

Time

  • Played on: Nov. 18, 2022, 11:42 a.m.
  • Length: 30:42

All games in this series

Show
View Real Time Build Order
Export as new Build Order

Silky Zerg - Winner!

Build Orders: Hatch First 

Get SALT Encoding   

  12  0:00  Drone  
  13  0:12  Overlord  
  13  0:17  Drone  
  14  0:31  Drone x2  
  16  0:38  Drone  
  17  1:00  Hatchery  
  16  1:16  Spawning Pool  
  15  1:31  Hatchery  
  14  1:34  Drone  
  14  1:35  Evolution Chamber  
  14  1:36  Drone x2  
  17  1:48  Extractor  
  17  1:50  Drone  
  17  2:03  Queen  
  17  2:04  Zergling x2  
  17  2:07  Zergling x2  
  21  2:16  Overlord  
  21  2:28  Drone  
  22  2:38  Zergling x2  
  22  2:42  Queen  
  22  2:43  Drone  
  26  2:50  Metabolic Boost  
  26  2:52  Drone  
  26  2:54  Queen  
  29  3:02  Drone  
  29  3:03  Drone  
  30  3:07  Drone  
  30  3:10  Zergling x2  
  30  3:12  Overlord  
  32  3:13  Drone x2  
  32  3:17  Drone  
  34  3:26  Drone x2  
  36  3:37  Hatchery  
  36  3:38  Zergling x2  
  36  3:39  Zergling x2  
  37  3:45  Drone  
  38  3:49  Drone  
  38  3:51  Overlord  
  38  3:53  Drone x3  
  42  3:56  Drone  
  42  4:02  Overlord  
  43  4:03  Zergling x2  
  44  4:10  Overlord  
  44  4:11  Queen  
  44  4:16  Spore Crawler, Drone  
  46  4:19  Drone  
  46  4:23  Drone  
  47  4:24  Drone x3  
  47  4:27  Spore Crawler  
  48  4:34  Zergling x6  
  48  4:38  Queen  
  50  4:42  Drone x3  
  55  4:47  Drone x2  
  55  4:51  Drone  
  58  4:57  Queen  
  58  4:59  Drone x2  
  61  5:02  Drone, Evolution Chamber  
  61  5:07  Overlord  
  61  5:09  Drone, Roach Warren  
  61  5:10  Drone x2  
  61  5:12  Drone  
  61  5:13  Drone  
  65  5:17  Overlord  
  65  5:20  Overlord  
  65  5:24  Lair  
  65  5:30  Zerg Melee Weapons Level 1  
  65  5:32  Spore Crawler  
  64  5:39  Drone  
  64  5:41  Hatchery  
  64  5:44  Drone x7  
  64  5:47  Overlord  
  68  5:50  Drone x2  
  68  5:54  Drone  
  68  5:55  Drone x3  
  73  5:57  Drone x2  
  73  6:00  Extractor  
  73  6:01  Extractor  
  73  6:02  Drone, Extractor  
  73  6:03  Drone  
  74  6:05  Drone  
  74  6:09  Overlord  
  74  6:10  Drone x3  
  77  6:15  Drone, Overlord  
  77  6:17  Roach  
  80  6:20  Roach x2  
  80  6:21  Roach  
  86  6:32  Zergling x10, Drone  
  92  6:36  Glial Reconstitution  
  92  6:39  Drone x2  
  94  6:41  Overlord  
  94  6:42  Overlord  
  94  6:46  Zergling x4  
  94  6:47  Zergling x2  
  97  6:50  Overseer  
  101  6:54  Roach x3  
  101  6:55  Overseer  
  101  6:57  Zergling x6  
  101  6:58  Zergling x2  
  108  7:01  Roach x4  
  108  7:05  Drone  
  108  7:07  Baneling Nest  
  108  7:08  Zergling x2  
  115  7:20  Zergling x12  
  112  7:29  Zergling x18  
  119  7:34  Zerg Melee Weapons Level 2  
  117  7:39  Zergling x4  
  117  7:40  Zergling x12  
  117  7:41  Overlord x2  
  125  7:46  Spore Crawler, Overlord  
  125  7:50  Evolution Chamber  
  123  7:52  Centrifugal Hooks  
  123  7:56  Overlord x2  
  122  8:03  Zergling x10  
  115  8:07  Roach x5  
  115  8:12  Zergling x12  
  117  8:18  Zerg Ground Armor Level 1, Drone  
  116  8:20  Drone x2  
  116  8:21  Drone x2  
  116  8:24  Drone  
  116  8:25  Drone x2  
  122  8:27  Drone  
  122  8:31  Overseer  
  122  8:32  Drone  
  124  8:35  Drone x2  
  124  8:36  Hatchery  
  131  8:41  Roach x4  
  131  8:42  Extractor  
  131  8:44  Overseer  
  131  8:46  Roach x2  
  131  8:47  Roach x2  
  131  8:48  Overlord  
  140  8:49  Infestation Pit  
  140  8:50  Ravager x2  
  140  8:54  Zergling x10  
  146  8:57  Baneling x4  
  146  8:58  Baneling  
  146  9:00  Zergling x6  
  149  9:06  Zergling x4  
  151  9:15  Zergling x12  
  150  9:26  Zergling x20  
  150  9:30  Zergling x2  
  150  9:31  Zergling x2  
  151  9:35  Zergling x2  
  148  9:40  Drone x3  
  148  9:45  Hive  
  149  9:46  Zergling x6  
  149  9:50  Baneling x10  
  149  9:52  Roach  
  160  9:53  Roach x3  
  160  9:57  Drone x3  
  163  10:02  Zergling x6  
  163  10:04  Overlord x2  
  166  10:08  Overlord x2  
  161  10:18  Zergling x6  
  161  10:20  Zergling x2  
  149  10:27  Zergling x28  
  151  10:31  Zergling x6  
  151  10:32  Baneling  
  151  10:33  Baneling  
  154  10:35  Zergling x4  
  154  10:36  Zergling x8  
  154  10:41  Zergling x8  
  163  10:48  Zergling x8  
  166  10:52  Baneling  
  166  10:53  Baneling x6  
  166  11:03  Zergling x20  
  175  11:07  Adrenal Glands  
  175  11:08  Ultralisk Cavern  
  175  11:09  Zerg Melee Weapons Level 3  
  174  11:15  Zergling x2  
  174  11:16  Zergling x30  
  183  11:22  Zerg Ground Armor Level 2  
  183  11:26  Baneling x4  
  183  11:33  Overlord x3  
  183  11:34  Zergling x2  
  183  11:35  Zergling x12  
  183  11:36  Overlord  
  160  11:48  Roach x11  
  160  11:49  Roach x2  
  178  11:58  Overseer, Ravager  
  164  12:03  Chitinous Plating  
  164  12:06  Zergling x2  
  164  12:07  Zergling x28  
  167  12:09  Drone  
  167  12:10  Extractor  
  167  12:14  Drone x3  
  163  12:19  Ultralisk, Extractor  
  166  12:26  Drone x3  
  166  12:27  Drone x2  
  169  12:30  Ultralisk  
  169  12:34  Zergling x2  
  169  12:35  Zergling x24  
  188  12:42  Spire  
  188  12:44  Roach x2  
  191  12:46  Zergling x6  
  191  12:49  Baneling x4  
  191  12:50  Baneling, Drone x2  
  196  12:52  Extractor x2  
  194  13:01  Drone x2  
  196  13:07  Baneling  
  196  13:08  Baneling x12  
  192  13:15  Hatchery  
  192  13:16  Zergling x24  
  192  13:17  Zergling x2  
  196  13:24  Spine Crawler x2  
  196  13:26  Spine Crawler  
  189  13:38  Zerg Ground Armor Level 3  
  189  13:39  Drone x3  
  189  13:41  Drone x2  
  189  13:42  Spire  
  189  13:43  Zergling x8  
  193  13:56  Greater Spire  
  193  14:00  Corruptor x3  
  198  14:28  Overseer, Pneumatized Carapace  
  198  14:35  Pathogen Glands  
  198  14:38  Drone, Burrow  
  199  14:42  Extractor  
  197  14:56  Spine Crawler  
  197  14:57  Spore Crawler, Spine Crawler  
  197  14:58  Spine Crawler  
  197  14:59  Spore Crawler  
  188  15:00  Spore Crawler  
  175  15:08  Corruptor x3, Brood Lord x2  
  175  15:09  Corruptor, Brood Lord  
  175  15:10  Infestor x2  
  175  15:12  Corruptor  
  193  15:15  Drone x2  
  193  15:17  Corruptor  
  193  15:18  Corruptor  
  198  15:31  Neural Parasite  
  197  15:48  Brood Lord x3  
  198  15:56  Brood Lord x3  
  188  16:16  Infestor  
  188  16:20  Corruptor x6  
  180  16:38  Zergling x74  
  194  16:44  Corruptor x2  
  184  16:51  Corruptor x5  
  184  16:52  Drone x4  
  188  17:00  Drone x2  
  188  17:01  Drone x2  
  173  17:08  Hatchery  
  170  17:09  Brood Lord x2  
  170  17:10  Corruptor x2  
  176  17:20  Corruptor  
  176  17:21  Corruptor x2  
  174  17:35  Brood Lord x3  
  174  17:36  Corruptor x2, Brood Lord  
  174  17:43  Queen  
  174  17:44  Queen x2  
  171  17:50  Infestor x2  
  179  17:52  Zergling x2  
  179  17:53  Zergling x16  
  188  18:03  Roach  
  185  18:05  Infestor  
  185  18:06  Infestor  
  188  18:14  Ultralisk  
  193  18:24  Infestor x3  
  196  18:27  Corruptor x2  
  196  18:30  Viper  
  196  18:31  Zerg Flyer Weapons Level 1  
  200  18:37  Spore Crawler  
  200  18:39  Spore Crawler  
  186  18:57  Zergling x8, Ultralisk x2  
  199  19:07  Zergling x2  
  199  19:08  Zergling x6  
  200  19:11  Extractor x2  
  200  19:13  Spine Crawler x2  
  200  19:14  Spine Crawler  
  200  19:15  Spine Crawler  
  188  19:17  Spore Crawler, Infestor x2  
  188  19:19  Spine Crawler  
  188  19:21  Overseer  
  188  19:22  Spore Crawler  
  188  19:25  Zergling x2  
  188  19:26  Zergling x20  
  196  19:45  Zergling x2  
  196  19:46  Zergling x6  
  198  20:03  Zergling x4  
  198  20:04  Zergling x14  
  196  20:31  Overseer x4  
  196  20:32  Zerg Flyer Weapons Level 2  
  189  20:47  Zergling x4  
  189  20:48  Zergling x32  
  187  21:07  Ultralisk x2  
  199  21:11  Spire  
  198  21:23  Overseer  
  198  21:38  Corruptor  
  200  21:43  Unknown  
  200  21:44  Hatchery  
  198  21:47  Baneling  
  198  21:48  Baneling x10  
  198  22:00  Zergling x2  
  198  22:01  Zergling x2  
  186  22:09  Zergling x28  
  186  22:10  Zergling x20  
  193  22:32  Zergling x22  
  196  22:39  Infestor x2  
  194  22:47  Corruptor x4  
  194  22:50  Corruptor x4  
  184  23:12  Corruptor x11  
  196  23:22  Brood Lord x2  
  200  23:38  Baneling x7  
  183  24:12  Zergling x32  
  198  24:17  Baneling x3  
  197  24:31  Hatchery  
  195  24:41  Zergling x14  
  199  24:50  Hatchery  
  194  25:08  Overseer  
  194  25:09  Overseer x2  
  194  25:10  Overseer  
  194  25:25  Spore Crawler x2  
  190  25:31  Corruptor x3  
  190  25:33  Zerg Flyer Weapons Level 3, Zerg Flyer Armor Level 1  
  182  25:51  Brood Lord  
  182  25:55  Brood Lord x2, Extractor  
  182  25:56  Corruptor  
  182  25:57  Corruptor x4  
  180  26:02  Zergling x2  
  180  26:03  Zergling x14  
  195  26:18  Hatchery, Overlord  
  192  26:20  Overseer  
  191  26:42  Hatchery  
  190  26:55  Overlord x2  
  165  27:23  Zergling x30  
  180  27:33  Drone x4  
  182  27:40  Infestor x2  
  182  28:01  Overseer  
  182  28:09  Ultralisk x2  
  191  28:37  Ultralisk  
  191  28:39  Corruptor x3  
  199  28:45  Overseer x3  
  192  29:28  Zergling x14  
  198  29:48  Extractor  
  198  29:49  Extractor  
  198  29:51  Corruptor x2  
  198  29:52  Corruptor  
Show
View Real Time Build Order
Export as new Build Order

NightMare Protoss 

Build Orders: Oracle Opening, Carriers, Zealot Archon 

Get SALT Encoding   

  12  0:00  Probe  
  13  0:12  Probe  
  14  0:19  Pylon  
  14  0:24  Probe  
  15  0:37  Probe (Chrono Boost)  
  15  0:40  Gateway  
  16  0:46  Probe (Chrono Boost)  
  17  0:50  Assimilator  
  17  0:51  Probe (Chrono Boost)  
  18  1:03  Probe  
  19  1:15  Probe  
  20  1:27  Cybernetics Core  
  20  1:29  Probe  
  21  1:42  Probe  
  21  1:44  Pylon  
  22  1:54  Probe  
  23  2:05  Adept (Chrono Boost)  
  23  2:20  Nexus  
  23  2:25  Probe  
  24  2:30  Assimilator  
  24  2:37  Probe  
  24  2:41  Adept  
  27  2:49  Probe  
  28  3:01  Probe  
  29  3:08  Stargate  
  29  3:13  Probe  
  29  3:19  Warp Gate  
  29  3:25  Probe  
  30  3:31  Adept  
  30  3:32  Probe  
  33  3:37  Probe  
  34  3:44  Probe  
  35  3:49  Probe  
  35  3:52  Oracle (Chrono Boost)  
  35  3:55  Gateway, Pylon  
  39  3:56  Probe  
  39  4:01  Probe  
  41  4:08  Probe (Chrono Boost)  
  43  4:19  Probe (Chrono Boost)  
  43  4:20  Probe (Chrono Boost)  
  48  4:24  Void Ray (Chrono Boost)  
  48  4:25  Probe (Chrono Boost)  
  48  4:27  Probe (Chrono Boost)  
  50  4:35  Probe  
  50  4:38  Probe  
  52  4:42  Nexus  
  52  4:43  Pylon  
  52  4:47  Probe  
  52  4:50  Probe  
  52  4:51  Twilight Council  
  54  5:01  Probe  
  54  5:02  Probe  
  54  5:03  Assimilator  
  54  5:04  Robotics Facility  
  54  5:06  Pylon  
  56  5:07  Assimilator  
  56  5:14  Probe x2  
  57  5:16  Shield Battery  
  58  5:26  Probe x2, Pylon  
  60  5:33  Charge (Chrono Boost)  
  60  5:34  Gateway x2  
  60  5:38  Templar Archives, Probe  
  60  5:41  Probe  
  62  5:50  Warp Prism (Chrono Boost), Probe  
  62  5:53  Probe  
  66  6:01  Gateway  
  66  6:03  Gateway  
  66  6:06  Gateway  
  66  6:07  Probe  
  66  6:08  Probe  
  66  6:09  Probe  
  69  6:14  High Templar x2  
  73  6:19  Archon  
  73  6:20  Probe x2  
  73  6:21  Probe  
  76  6:26  Pylon  
  76  6:32  Probe x2  
  78  6:33  Probe, Pylon  
  79  6:40  Pylon  
  79  6:44  High Templar x2  
  79  6:47  Zealot x2  
  85  6:48  Probe  
  85  6:49  Probe  
  85  6:52  Archon  
  89  6:57  Pylon  
  89  7:01  Zealot  
  89  7:02  Zealot x2  
  89  7:05  Observer, Robotics Bay  
  89  7:08  Zealot x2  
  100  7:11  Probe  
  100  7:22  Nexus  
  96  7:25  Zealot x4  
  96  7:29  Zealot, High Templar x2  
  100  7:34  Archon  
  100  7:35  Blink (Chrono Boost)  
  100  7:36  Forge x2  
  98  7:39  Pylon  
  96  7:49  Shield Battery  
  96  7:51  Gateway  
  96  7:56  Zealot x3  
  96  7:57  Zealot x2  
  104  8:02  Zealot x2  
  94  8:10  Protoss Ground Weapons Level 1 (Chrono Boost), Protoss Ground Armor Level 1 (Chrono Boost)  
  78  8:23  Nexus  
  78  8:25  High Templar x2  
  78  8:26  Zealot x5  
  92  8:35  Gateway  
  92  8:37  Archon  
  92  8:38  Gateway  
  92  8:41  Disruptor (Chrono Boost)  
  92  8:47  Photon Cannon  
  95  8:48  Photon Cannon  
  95  8:54  Probe x3  
  98  8:56  Shield Battery  
  98  9:00  Zealot x4  
  106  9:05  Zealot x3  
  106  9:09  Disruptor (Chrono Boost)  
  111  9:18  Shield Battery x2  
  111  9:21  Zealot x2  
  115  9:29  Stalker x3  
  118  9:34  Disruptor (Chrono Boost)  
  118  9:36  Pylon  
  118  9:37  Observer  
  121  9:40  Probe x3  
  121  9:41  Probe  
  115  9:53  Shield Battery, Photon Cannon  
  115  9:55  Stalker x3  
  115  9:59  High Templar  
  123  10:00  High Templar  
  123  10:01  Zealot x2  
  123  10:05  Archon  
  129  10:11  Pylon  
  129  10:12  Disruptor (Chrono Boost)  
  120  10:18  Probe x2  
  107  10:25  Zealot x4  
  101  10:29  Zealot  
  101  10:30  Zealot x3  
  101  10:31  Probe x2 (Chrono Boost)  
  101  10:32  Probe (Chrono Boost)  
  111  10:38  Probe (Chrono Boost)  
  111  10:41  Protoss Ground Weapons Level 2 (Chrono Boost)  
  112  10:43  Probe x3 (Chrono Boost)  
  112  10:48  Probe x2 (Chrono Boost)  
  112  10:49  Observer, Probe  
  115  10:50  Probe  
  118  11:01  Probe x3  
  118  11:02  Probe  
  118  11:08  High Templar x2  
  122  11:12  Archon  
  122  11:13  Probe x2  
  122  11:14  Probe x2  
  109  11:23  Zealot x6  
  109  11:25  Probe  
  122  11:26  Probe x3  
  125  11:37  Probe  
  125  11:38  Probe x3  
  129  11:40  Zealot  
  129  11:41  Zealot x3  
  119  11:51  Zealot x3  
  119  11:52  Zealot x3  
  112  11:58  Probe x3  
  107  12:02  Zealot x2  
  109  12:14  High Templar x4  
  109  12:15  Probe x4  
  116  12:19  Archon x2  
  116  12:20  Zealot x2  
  120  12:28  Warp Prism (Chrono Boost)  
  120  12:35  Observer, Probe x4  
  120  12:37  High Templar x2  
  124  12:39  Assimilator x2  
  124  12:41  Archon  
  126  12:44  Assimilator  
  126  12:47  Probe x3  
  126  12:49  Shield Battery  
  126  12:50  Shield Battery  
  129  12:58  Zealot x5  
  139  13:03  Immortal (Chrono Boost)  
  139  13:06  Adept  
  145  13:15  Robotics Facility  
  143  13:27  Stargate, Fleet Beacon  
  143  13:29  Probe x2, Stargate  
  143  13:30  Probe, Assimilator  
  143  13:31  Protoss Air Weapons Level 1  
  146  13:38  Probe  
  146  13:40  Zealot x3  
  146  13:41  Probe x2  
  149  13:44  Protoss Ground Weapons Level 3 (Chrono Boost)  
  149  13:47  Pylon  
  145  13:51  Pylon  
  145  13:57  Photon Cannon  
  145  14:02  Immortal (Chrono Boost)  
  147  14:11  Immortal (Chrono Boost), Photon Cannon  
  147  14:17  High Templar x4  
  147  14:18  Observer  
  155  14:24  Archon  
  155  14:25  Archon  
  155  14:27  Pylon  
  155  14:29  Immortal (Chrono Boost)  
  155  14:36  Immortal (Chrono Boost)  
  163  14:50  Pylon  
  161  15:12  Carrier (Chrono Boost), Stalker x2  
  177  15:17  Carrier (Chrono Boost)  
  177  15:18  Carrier (Chrono Boost)  
  183  15:25  Pylon  
  183  15:30  Nexus, Protoss Air Weapons Level 2 (Chrono Boost)  
  183  15:38  Zealot x2  
  187  15:45  Shield Battery  
  187  15:46  Shield Battery  
  187  15:48  Shield Battery, Zealot x3  
  187  15:55  Zealot x5  
  182  16:01  Zealot x2  
  179  16:08  Carrier (Chrono Boost)  
  179  16:10  Carrier (Chrono Boost)  
  189  16:22  Zealot x4  
  151  16:57  Carrier (Chrono Boost), Zealot x2  
  151  16:58  Zealot  
  163  17:03  Carrier (Chrono Boost)  
  163  17:04  Carrier (Chrono Boost)  
  163  17:06  Probe x3  
  163  17:07  High Templar, Assimilator  
  163  17:08  High Templar x3  
  176  17:13  Archon x2  
  176  17:14  Zealot  
  177  17:17  Zealot  
  160  17:23  Probe x2  
  152  17:30  Zealot x2  
  152  17:35  Zealot x2  
  156  17:57  Zealot x4  
  156  17:58  Shield Battery, Observer (Chrono Boost)  
  165  18:00  Shield Battery  
  165  18:09  Cybernetics Core  
  165  18:14  High Templar x4  
  165  18:19  Assimilator  
  173  18:20  Assimilator  
  173  18:21  Archon x2  
  171  18:31  High Templar  
  173  18:37  High Templar  
  173  18:38  Zealot x2  
  179  18:43  Archon  
  178  18:48  Pylon  
  178  18:56  Photon Cannon  
  178  19:10  Nexus  
  178  19:12  Pylon  
  178  19:16  Psionic Storm  
  178  19:17  High Templar  
  178  19:20  Pylon  
  178  19:32  Zealot x4  
  178  19:33  Zealot  
  188  19:41  High Templar x2  
  188  19:43  Probe  
  188  19:44  Probe x2  
  196  19:45  Probe  
  196  19:47  Assimilator  
  176  20:16  Shield Battery  
  176  20:19  High Templar x3  
  176  20:20  High Templar  
  184  20:24  Archon x2  
  184  20:27  Photon Cannon  
  184  20:29  Shield Battery  
  184  20:31  Zealot  
  184  20:32  Zealot, High Templar x2  
  184  20:33  Zealot  
  184  20:34  Nexus  
  184  20:35  Pylon  
  194  20:36  Archon  
  194  20:40  Zealot  
  186  20:55  Photon Cannon  
  186  20:56  Photon Cannon  
  172  20:58  Photon Cannon  
  172  21:00  Shield Battery  
  172  21:06  Tempest (Chrono Boost)  
  182  21:27  Tempest (Chrono Boost)  
  182  21:39  Tempest (Chrono Boost)  
  182  21:40  Tempest (Chrono Boost)  
  182  21:41  Assimilator  
  182  21:44  Assimilator  
  192  21:48  Zealot x4  
  200  21:58  Protoss Air Weapons Level 3 (Chrono Boost)  
  200  22:01  Pylon  
  196  22:15  Tempest (Chrono Boost)  
  196  22:20  Archon  
  196  22:21  Carrier (Chrono Boost), Oracle (Chrono Boost)  
  164  22:54  Dark Shrine  
  152  23:01  Zealot x2  
  152  23:02  Zealot x3  
  159  23:15  Void Ray x2 (Chrono Boost)  
  149  23:22  High Templar  
  149  23:23  High Templar  
  149  23:26  Probe (Chrono Boost)  
  154  23:29  Probe (Chrono Boost)  
  154  23:32  Probe (Chrono Boost)  
  156  23:36  Probe (Chrono Boost)  
  156  23:38  Probe (Chrono Boost)  
  158  23:43  Probe (Chrono Boost)  
  159  23:52  High Templar x2  
  159  23:53  Zealot x4, High Templar x2  
  175  24:07  Archon x2  
  167  24:10  Unknown  
  179  24:28  Flux Vanes  
  179  24:30  Void Ray x2 (Chrono Boost)  
  179  24:31  Void Ray (Chrono Boost)  
  179  24:35  Dark Templar  
  177  24:46  Dark Templar x4  
  176  25:03  Oracle (Chrono Boost)  
  176  25:20  Void Ray x2 (Chrono Boost)  
  176  25:37  Protoss Air Armor Level 1  
  153  25:57  Probe (Chrono Boost)  
  152  26:06  Probe (Chrono Boost)  
  152  26:10  Mothership (Chrono Boost)  
  153  26:15  Probe (Chrono Boost)  
  162  26:31  Nexus  
  162  26:39  Probe x4  
  164  26:44  High Templar  
  164  26:45  High Templar x3  
  163  27:11  Zealot x3  
  163  27:15  Zealot  
  164  27:35  Probe x3  
  155  28:01  Probe x3  
  155  28:04  Pylon  
  156  28:15  High Templar x2  
  156  28:16  High Templar x2  
  156  28:17  High Templar x4  
  156  28:18  Observer (Chrono Boost)  
  156  28:19  Archon  
  167  28:20  Archon x2  
  167  28:21  Archon  
  165  28:38  Nexus  
  165  28:41  Pylon  
  162  29:27  Unknown  
  162  29:29  Cybernetics Core  
  148  30:17  Zealot x4  
  148  30:18  Zealot x2  
Tags
 
Add a new tag
Caveats
  • Supply blocks, unpowered buildings, or Contaminate may cause inaccurate times.
  • Supply counts are checked every 10 seconds.